 Dungeon Crawl Stone Soup version 0.32-a0-918-g0f22ef8d61 (webtiles) character file.

Game seed: 16138276233210732584

2627 Ofeo the Carver (level 9, -4/63 HPs)
             Began as a Coglin Brigand on Apr 10, 2024.
             Was a High Priest of Okawaru.
             Slain by an ogre
             ... wielding a +0 giant club
              (32 damage)
             ... on level 7 of the Dungeon.
             The game lasted 00:09:57 (7462 turns).

Ofeo the Carver (Coglin Brigand)                    Turns: 7462, Time: 00:09:57

Health: -4/63      AC:  6    Str: 11 (12) XL:     9   Next: 61%
Magic:  9/9        EV: 10    Int:  9 (11) God:    Okawaru [*****.]
Gold:   567        SH:  0    Dex: 16 (19) Spells: 8/8 levels left

rFire   . . .        i - +0 long sword {Anan}
rCold   . . .        o - +2 dagger (elec) {Silke}
rNeg    . . .        A - +0 troll leather armour
rPois   .            (no helmet)
rElec   .            c - +0 cloak
rCorr   .            n - +0 pair of gloves
SInv    .            k - +0 pair of boots
Will    .....        (amulet unavailable)
Stlth   ++           (ring unavailable)
HPRegen 1.10/turn    (ring unavailable)
MPRegen 0.11/turn    (no gizmo)

%: no passive effects
@: no status effects
A: off-hand wielding, slow wielding, warmup strikes, no jewellery
a: Invent Gizmo, Renounce Religion, Heroism, Finesse, Duel


You were on level 7 of the Dungeon.
You worshipped Okawaru.
Okawaru was extremely pleased with you.
You visited 1 branch of the dungeon, and saw 7 of its levels.

You collected 1167 gold pieces.
You spent 600 gold pieces at shops.

Inventory:

Hand Weapons
 a - a +2 dagger {Myungok}
 i - a +0 long sword (weapon) {Anan}
 l - a +0 war axe {Josefina}
 o - a +2 dagger of electrocution (offhand) {Silke}
 x - a +4 great sword
 y - a +3 dagger of freezing
Missiles
 d - 28 poisoned darts
 e - 3 curare-tipped darts
 g - 2 silver javelins (quivered)
 D - 3 darts of dispersal
Armour
 b - a +0 robe
 c - a +0 cloak (worn)
 k - a +0 pair of boots (worn)
 n - a +0 pair of gloves (worn)
 s - a +3 leather armour
 A - a +0 troll leather armour (worn)
Talismans
 f - a beast talisman
Wands
 h - a wand of mindburst (12)
 m - a wand of flame (25)
 v - a wand of warping (11)
 F - a wand of acid (13) {@v2}
Scrolls
 r - a scroll of vulnerability
 t - a scroll of amnesia
 B - 2 scrolls of immolation
Potions
 p - a potion of might {unknown}
 u - a potion of mutation {unknown}
 w - a potion of berserk rage {unknown}
 z - a potion of cancellation {unknown}
 C - a potion of enlightenment {unknown}
Miscellaneous
 j - a lightning rod (1/4)


   Skills:
 - Level 3.0 Fighting
 - Level 1.7(7.5) Short Blades
 + Level 12.4(12.5) Long Blades
 - Level 1.7 Throwing
 - Level 0.8 Dodging
 - Level 3.2 Stealth


You had 8 spell levels left.
You didn't know any spells.
Your spell library contained the following spells:

 Spells                   Type           Power      Damage    Failure   Level
 Shock                    Conj/Air       0%         1d3       47%         1
 Blink                    Tloc           0%         N/A       63%         2
 Lesser Beckoning         Tloc           0%         N/A       63%         2
 Mercury Vapours          Alch/Air       0%         N/A       63%         2
 Momentum Strike          Conj/Tloc      0%         3d8       63%         2
 Dazzling Flash           Conj/Hex       0%         N/A       85%         3
 Mephitic Cloud           Conj/Alch/Air  0%         N/A       85%         3
 Swiftness                Air            0%         N/A       85%         3
 Airstrike                Air            0%         2d(0-16)  99%         4
 Leda's Liquefaction      Alch/Erth      0%         N/A       99%         4
 Petrify                  Alch/Erth      0%         N/A       99%         4
 Freezing Cloud           Conj/Ice/Air   0%         6-21      100%        5
 Metabolic Englaciation   Hex/Ice        0%         N/A       100%        5
 Starburst                Conj/Fire      0%         6d3       100%        6
 Maxwell's Capacitive Co  Air            0%         ∞         100%        8


Dungeon Overview and Level Annotations

Branches:
Dungeon (7/15)             Temple (0/1) D:4

Altars:
Gozag
Nemelex Xobeh
Okawaru
Trog
Vehumet

Shops:
D:5 **

Annotations:
D:6 1 runed translucent door, Crazy Yiuf


Innate Abilities, Weirdness & Mutations

You can wield a second weapon in your off-hand.
It takes a long time for you to wield or remove held weapons.
Your first few attacks do less damage.
You cannot equip rings or amulets.


Message History

You hit the orc with your +2 dagger of electrocution.
The orc barely misses you.
You hit the orc but do no damage.
The orc is severely wounded.
You hit the orc with your +2 dagger of electrocution.
You kill the orc!
Okawaru accepts your kill.
Things that are here:
a +0 dagger; an orc corpse
Things that are here:
a +0 dagger; an orc corpse You start resting.
HP restored.
Health restored: 63 You start waiting.
Done waiting.
There is a stone staircase leading down here.
You climb downwards.
The gnoll hits you with a +0 club.
There is a stone staircase leading up here.
You take 4 damage, and have 59/63 hp.
You barely miss the gnoll with your +2 dagger of electrocution.
The ogre shouts!
You slash the gnoll with your +0 long sword!
You hear a shout!
You hear an angry hiss.
You slash the gnoll with your +0 long sword!
You kill the gnoll!
Okawaru accepts your kill.
A gnoll comes into view.
It is wielding a +0 whip and quivering a throwing net.
The gnoll throws a throwing net.
The throwing net hits you.
You become entangled in the net!
You stop ascending the stairs.
The ogre hits you with a +0 giant club!
You take 16 damage, and have 45/63 hp.
MASSIVE DAMAGE!!
You struggle against the net.
You tear a large gash into the net.
The ogre hits you with a +0 giant club! The gnoll hits you with a +0 whip!
You take 19 damage, and have 27/63 hp.
MASSIVE DAMAGE!!
You rip the net and break free!
The gnoll barely misses you.
The ogre hits you with a +0 giant club!!
Ouch! That really hurt!
You die...

................ #.
#.# .........##..#.
... #.
..........#...##...
. #.
>.......g..........
.... ... #........
..# ... ##...g##
>.. ... #
##..o##.##..# #.
#......g.#..# #..
##..###O@...#
#...#......S....#..
#........†.........
#......#......##...
#......!.#...^###
.. ....#..........#
. ....#....##...##
... ###........# ..
#..........


You could see a water moccasin, an ogre, 2 gnolls and an orc.

Vanquished Creatures
  Prince Ribbit (D:6)
  4 yaks (D:6)
  An acid dragon (D:7)
  A water moccasin (D:6)
  3 ogres
  2 phantoms (D:5)
  A scorpion (D:5)
  5 wights (D:6)
  4 killer bees
  A howler monkey (D:7)
  A bombardier beetle (D:4)
  4 jellies
  4 orc priests
  2 hounds (D:5)
  A gnoll bouda (D:4)
  An iguana (D:6)
  4 orc wizards
  4 gnolls
  7 adders
  A white imp (D:6)
  2 ufetubi (D:6)
  A dart slug (D:5)
  A ribbon worm (D:5)
  26 orcs
  7 ball pythons
  4 bats (D:1)
  3 endoplasms
  3 giant cockroaches
  7 goblins
  8 hobgoblins
  2 jackals (D:1)
  10 quokkas
  5 frilled lizards
  6 kobolds
137 creatures vanquished.

Notes
Turn   | Place    | Note
-------+----------+-------------------------------------------
     0 | D:1      | Ofeo the Coglin Brigand began the quest for the Orb.
     0 | D:1      | Reached XP level 1. HP: 16/16 MP: 1/1
   157 | D:1      | Reached XP level 2. HP: 23/23 MP: 2/2
   396 | D:1      | Reached skill level 1 in Long Blades
   460 | D:1      | Reached XP level 3. HP: 21/29 MP: 3/3
  1028 | D:1      | Identified a scroll of acquirement
  1035 | D:2      | Found a faded altar of an unknown god.
  1073 | D:2      | Prayed at the altar of an unknown god.
  1073 | D:2      | Became a worshipper of Warmaster Okawaru
  1073 | D:2      | Reached * piety under Okawaru
  1115 | D:2      | Reached skill level 2 in Long Blades
  1679 | D:3      | Reached XP level 4. HP: 35/35 MP: 4/4
  1945 | D:3      | Reached skill level 3 in Long Blades
  2061 | D:3      | Reached XP level 5. HP: 24/41 MP: 5/5
  2822 | D:4      | Noticed an ogre
  2860 | D:4      | Reached skill level 4 in Long Blades
  3074 | D:4      | Found an iron altar of Okawaru.
  3121 | D:4      | Killed an ogre
  3122 | D:4      | Reached skill level 5 in Long Blades
  3122 | D:4      | Reached XP level 6. HP: 47/47 MP: 6/6
  3124 | D:4      | Found a staircase to the Ecumenical Temple.
  3480 | D:5      | Entered Level 5 of the Dungeon
  3485 | D:5      | Reached ** piety under Okawaru
  3486 | D:5      | Reached skill level 6 in Long Blades
  3652 | D:5      | Reached XP level 7. HP: 45/52 MP: 7/7
  3689 | D:5      | Found Gozag's Platinum Reserve.
  3733 | D:5      | Found a radiant altar of Vehumet.
  3890 | D:5      | Reached skill level 7 in Long Blades
  3997 | D:5      | Found Astriul's Elemental Accessories.
  4059 | D:5      | Found an opulent altar of Gozag.
  4340 | D:5      | Reached *** piety under Okawaru
  4341 | D:5      | Reached skill level 8 in Long Blades
  4344 | D:5      | Reached XP level 8. HP: 48/58 MP: 8/8
  4524 | D:5      | Acquired 827 gold pieces
  4526 | D:5      | Bought a lightning rod (4/4) for 600 gold pieces
  5008 | D:6      | Noticed Prince Ribbit
  5017 | D:6      | Killed Prince Ribbit
  5018 | D:6      | Reached skill level 9 in Long Blades
  5572 | D:6      | Found a bloodstained altar of Trog.
  5590 | D:6      | Reached skill level 10 in Long Blades
  5680 | D:6      | Reached **** piety under Okawaru
  5880 | D:6      | Noticed a yak
  5883 | D:6      | Noticed a yak
  5886 | D:6      | Noticed a yak
  5886 | D:6      | Noticed a yak
  5896 | D:6      | Killed a yak
  5896 | D:6      | Killed a yak
  5896 | D:6      | Killed a yak
  5897 | D:6      | Reached skill level 11 in Long Blades
  5897 | D:6      | Reached XP level 9. HP: 35/63 MP: 9/9
  6172 | D:6      | Found a sparkling altar of Nemelex Xobeh.
  6558 | D:6      | Found a runed translucent door.
  6559 | D:6      | Noticed Crazy Yiuf
  7092 | D:7      | Reached skill level 12 in Long Blades
  7107 | D:7      | HP: 2/63 [ufetubus (4)]
  7307 | D:7      | Reached ***** piety under Okawaru
  7462 | D:7      | Slain by an ogre

Illustrated notes

Levels and vault maps discovered:
D:1:      psy_arrival_terrarium, layout_loops_ring, columned_hall_lemuel,
          minmay_pentomino_s2
D:2:      layout_rooms, serial_glass, glass_columns_a, glass_columns_c,
          nicolae_ecumenical_pavilion
D:3:      layout_loops_ring, serial_rivers, chequers_serial_rivers_micro_e,
          chequers_serial_rivers_marsh, chequers_serial_rivers_micro_d,
          chequers_serial_rivers_micro_b, chequers_serial_rivers_large_a,
          kennysheep_generic_room_5
D:4:      layout_cave_pools, okawaru_metal_pillars_1_2,
          minmay_temple_entry_ruins
D:5:      layout_gridville, nicolae_gozag_zags_fifth_avenue,
          vehumet_altar_wand_db, minmay_misc_feat_tower, nicolae_elemental_shop,
          kennysheep_generic_room_2
D:6:      layout_rooms, mainiacjoe_overflow_chevrons,
          nemelex_spade_bored_becter, uniq_crazy_yiuf_cottage,
          uniq_prince_ribbit1
D:7:      layout_cave_pools, uniq_jeremiah

Skill      XL: |  1  2  3  4  5  6  7  8  9 |
---------------+----------------------------+-----
Fighting       | 3 |  3.0
Long Blades    | 1 2 3 5 6 8 11 12 | 12.4
Short Blades   | |  1.7
Throwing       | |  1.7
Dodging        | |  0.8
Stealth        | |  3.2

Action                     |  1- 3 |  4- 6 |  7- 9 || total
---------------------------+-------+-------+-------++-------
  Melee: Dagger            |   103 |    47 |   156 ||   306
         Long sword        |    55 |    70 |   153 ||   278
         War axe           |       |    23 |       ||    23
  Throw: Dart              |       |     2 |       ||     2
         Javelin           |       |     2 |       ||     2
 Invoke: Heroism           |       |     1 |       ||     1
  Evoke: Lightning rod     |       |       |     6 ||     6
         Wand              |       |       |     1 ||     1
    Use: Scroll            |     4 |     4 |     2 ||    10
         Potion            |       |       |     3 ||     3
   Stab: Sleeping          |     7 |     6 |     3 ||    16
 Armour: Robe              |    74 |    26 |       ||   100
         Leather armour    |       |    22 |    96 ||   118
         Troll leather arm |       |       |    83 ||    83
  Dodge: Dodged            |    46 |    38 |   122 ||   206

Table legend: (Time is in decaauts)
 A = Elapsed time spent in this place.
 B = Non-inter-level travel time spent in this place.
 C = Inter-level travel time spent in this place.
 D = Time resting spent in this place.
 E = Time spent auto-exploring this place.
 F = Levels seen in this place.
 G = Mean time per level.
                   A        B        C        D        E       F      G
               +--------+--------+--------+--------+--------+-----+--------+
         Total |   7465 |   7147 |    318 |   1069 |   4966 |   7 | 1066.4 |
       Dungeon |   7465 |   7147 |    318 |   1069 |   4966 |   7 | 1066.4 |
               +--------+--------+--------+--------+--------+-----+--------+

Top non-repeatable levels by time:
     D:6: 1933 daAuts
     D:5: 1922 daAuts
     D:3: 1232 daAuts
     D:1: 1036 daAuts
     D:4: 636 daAuts
     D:2: 605 daAuts
     D:7: 98 daAuts
